 Dungeon Crawl Stone Soup version 0.27-a0-819-g058290f16d (webtiles) character file.

Game seed: 1625697714336294007

618 jasper the Chopper (level 7, -1/55 HPs)
             Began as a Demonspawn Delver on Mar 29, 2021.
             Slain by a black bear (3 damage)
             ... on level 7 of the Dungeon.
             The game lasted 00:06:47 (5748 turns).

jasper the Chopper (Demonspawn Delver)              Turns: 5748, Time: 00:06:47

Health: -1/55      AC:  9    Str: 14    XL:     7   Next: 21%
Magic:  7/7        EV:  9    Int: 11    God:
Gold:   176        SH:  0    Dex: 15    Spells: 6/6 levels left

rFire    . . .     SeeInvis .   a - +1 hand axe (protect)
rCold    . . .     Faith    .   (no shield)
rNeg     . . .     Spirit   .   n - +0 scale mail
rPois    .         Reflect  .   (no helmet)
rElec    .         Harm     .   (no cloak)
rCorr    .         Rampage  .   (no gloves)
Will     .....                  s - +0 pair of boots
Stlth    +.........             (no amulet)
HPRegen  0.18/turn              (no ring)
MPRegen  0.10/turn              (no ring)

@: lethally poisoned (-1 -> -6), about to teleport, flying
A: talons 1, powered by pain 1, sharp scales 1, demonic magic 1
a: no special abilities


You were on level 7 of the Dungeon.
You visited 1 branch of the dungeon, and saw 6 of its levels.

You collected 176 gold pieces.

Inventory:

Hand Weapons
 a - a +1 hand axe of protection (weapon)
Missiles
 i - 45 stones (quivered)
Armour
 b - a +0 leather armour
 f - a +1 leather armour of fire resistance
 n - a +0 scale mail (worn)
 s - a +0 pair of boots (worn)
Jewellery
 h - an amulet of magic regeneration
 k - an amulet of faith
Wands
 g - a wand of digging (3)
 q - a wand of random effects (7)
Scrolls
 c - 2 scrolls of fog
 d - a scroll of magic mapping
 l - a scroll of holy word
 m - a scroll of noise
 o - a scroll of amnesia
Potions
 e - a potion of attraction
 r - 2 potions of degeneration


   Skills:
 + Level 4.8 Fighting
 * Level 5.3 Axes
 + Level 3.2 Armour
 - Level 1.7 Dodging
 - Level 4.5 Stealth


You had 6 spell levels left.
You didn't know any spells.
Your spell library was empty.

Dungeon Overview and Level Annotations

Branches:
Dungeon (5/15)
 Temple: D:4-7

Altars:
Cheibriados
Elyvilon
Trog
The Shining One


Innate Abilities, Weirdness & Mutations

You have sharp toenails.
You sometimes gain a little power by taking damage.
You are partially covered in razor-sharp scales. (AC +1, Slay +1)
Spells you cast may paralyse adjacent enemies.


Message History

You feel sick.
Found a stone staircase leading down.
You take 1 damage, and have 31/55 hp.
You feel sick. The hound barely misses you.
You take 1 damage, and have 30/55 hp.
You feel sick.
You take 1 damage, and have 29/55 hp.
You feel sick. The hound closely misses you.
You take 1 damage, and have 28/55 hp.
You feel sick.
You are no longer poisoned.
The hound bites you but does no damage.
A black bear comes into view.
A black bear comes into view.
The hound bites you but does no damage.
Found a bloodstained altar of Trog.
The black bear growls angrily. x2
The hound closely misses you.
The gnoll hits you from afar with a +2 halberd of venom.
You are poisoned.
You take 6 damage, and have 22/55 hp.
You feel very sick.
You take 4 damage, and have 18/55 hp.
You feel very sick. The hound barely misses you.
The gnoll completely misses you.
You take 2 damage, and have 16/55 hp.
You feel sick. The hound closely misses you.
You take 2 damage, and have 14/55 hp.
It was a potion of flight.
You feel very buoyant.
You fly up into the air.
You feel sick. The hound closely misses you. The hound bites you.
* * * LOW HITPOINT WARNING * * *
You take 5 damage, and have 9/55 hp.
As you read the scroll of teleportation, it crumbles to dust.
You feel strangely unstable.
You feel sick. The hound bites you but does no damage.
The gnoll barely misses you. The black bear bites you.
* * * LOW HITPOINT WARNING * * *
The black bear claws you.
You die...

*#..............## #......### ##
#......#.........# #.....## #
.......#.#.##....#*##...###
.........#..###...##...##
........###..###......##
.......##,##..###.....#
......##...##..###...>###
***..##..8..##..##g.....##** *
*,,,**..8.8.,##.@hh........#* *
,,***,.8._.8,,###h..#....P..*****
*,,,**..8.8.,**......#.._...,,,*,
***,,*#..8..*#.......#..P...,,,,,
**,,*+,,,*#...##...#.....#***,,
**,,**,*#...#*#...####### **,
**,,***..##* ##...* *, **,,*,.#*
*...# *, **** **,*,** **,,** **


You could see 2 black bears, a hound and a gnoll.

Vanquished Creatures
  Duvessa (D:4)
  An ogre (D:4)
  2 centaurs (D:7)
  Dowan (D:4)
  A scorpion (D:4)
  A centaur zombie (D:7)
  An iguana (D:7)
  7 adders
  2 dart slugs (D:2)
  4 ball pythons
  A bat (D:2)
  5 endoplasms
  A giant cockroach (D:3)
  2 goblins
  10 hobgoblins
  4 jackals (D:2)
  A quokka (D:1)
  4 frilled lizards
  8 kobolds
  2 rats (D:2)
59 creatures vanquished.

Vanquished Creatures (others)
  A plant (D:7)
1 creature vanquished.

Grand Total: 60 creatures vanquished

Notes
Turn   | Place    | Note
-------+----------+-------------------------------------------
     0 | D:5      | jasper the Demonspawn Delver began the quest for the Orb.
     0 | D:5      | Reached XP level 1. HP: 18/18 MP: 1/1
    50 | D:3      | Reached skill level 2 in Axes
    50 | D:3      | Gained mutation: You sometimes gain a little power by
                  | taking damage. [demonic ancestry]
    50 | D:3      | Reached XP level 2. HP: 7/24 MP: 2/2
   990 | D:2      | Reached skill level 1 in Armour
  1023 | D:2      | Gained mutation: You have sharp toenails. [demonic
                  | ancestry]
  1023 | D:2      | Reached XP level 3. HP: 29/29 MP: 3/3
  2170 | D:2      | Reached skill level 3 in Axes
  2219 | D:2      | Reached XP level 4. HP: 34/35 MP: 4/4
  2378 | D:2      | Found a snail-covered altar of Cheibriados.
  3977 | D:4      | Found a bloodstained altar of Trog.
  4011 | D:4      | Noticed Duvessa
  4038 | D:4      | Noticed Dowan
  4056 | D:4      | Killed Duvessa
  4057 | D:4      | Reached skill level 4 in Axes
  4057 | D:4      | Reached XP level 5. HP: 6/42 MP: 5/5
  4362 | D:4      | Noticed an ogre
  4488 | D:4      | Killed Dowan
  4489 | D:4      | Gained mutation: You are partially covered in razor-sharp
                  | scales. (AC +1, Slay +1) [demonic ancestry]
  4489 | D:4      | Reached XP level 6. HP: 45/48 MP: 6/6
  5341 | D:4      | You fall into a shaft and drop 3 floors!
  5356 | D:7      | Reached skill level 5 in Axes
  5359 | D:7      | Gained mutation: Spells you cast may paralyse adjacent
                  | enemies. [demonic ancestry]
  5359 | D:7      | Reached XP level 7. HP: 44/55 MP: 7/7
  5741 | D:7      | Found a bloodstained altar of Trog.
  5748 | D:7      | HP: 2/55 [black bear (5)]
  5748 | D:7      | Slain by a black bear

Illustrated notes

Levels and vault maps discovered:
D:1:      psy_arrival_statuary, layout_basic
D:2:      layout_basic, kennysheep_slug_shrine, st_stairs_13
D:3:      layout_basic, lemuel_doored_altar
D:4:      layout_loops_corners, minmay_overflow_temple_star_quad,
          lemuel_altar_in_water, uniq_duvessa
D:5:      layout_cave_pools, nicolae_ru_sacrificial_ziggurat,
          gammafunk_temple_overflow_claw, kennysheep_generic_room_6,
          uniq_grinder
D:7:      layout_layer_cave, trog_ov_bears_minmay, basic_altar,
          serial_bayou_pond_a, tso_metal_star

Skill      XL: |  1  2  3  4  5  6 |
---------------+-------------------+-----
Axes           | 2 3 4 5 |  5.3
Armour         | 1 2 3 |  3.2
Fighting       | 4 |  4.8
Dodging        | |  1.7
Stealth        | |  4.5

Action                   |  1- 3 |  4- 6 |  7- 9 || total
-------------------------+-------+-------+-------++-------
Melee: Hand axe          |   103 |   112 |    23 ||   238
       Kick              |     9 |    39 |       ||    48
Throw: Stone             |    12 |    19 |       ||    31
Evoke: Wand              |       |       |     2 ||     2
  Use: Potion            |     2 |     4 |     1 ||     7
       Scroll            |     1 |     8 |     3 ||    12
 Stab: Sleeping          |     5 |       |       ||     5
Armor: Leather armour    |    23 |       |       ||    23
       Scale mail        |    21 |    60 |    28 ||   109
Dodge: Dodged            |    50 |    61 |    21 ||   132

Table legend: (Time is in decaauts)
 A = Elapsed time spent in this place.
 B = Non-inter-level travel time spent in this place.
 C = Inter-level travel time spent in this place.
 D = Time resting spent in this place.
 E = Time spent auto-exploring this place.
 F = Levels seen in this place.
 G = Mean time per level.
                   A        B        C        D        E       F      G
               +--------+--------+--------+--------+--------+-----+--------+
         Total |   5774 |   5550 |    224 |   1525 |   3161 |   6 |  962.3 |
       Dungeon |   5774 |   5550 |    224 |   1525 |   3161 |   6 |  962.3 |
               +--------+--------+--------+--------+--------+-----+--------+

Top non-repeatable levels by time:
     D:2: 2008 daAuts
     D:3: 1796 daAuts
     D:4: 859 daAuts
     D:1: 672 daAuts
     D:7: 408 daAuts
     D:5: 29 daAuts
